 Dungeon Crawl Stone Soup version 0.30.0-5-g1a98f26d00 (webtiles) character file.

Game seed: 12210437430488426914

144 ProzacElf the Slasher (level 5, -14/32 (38) HPs)
             Began as a Vampire Reaver on May 8, 2023.
             Was an Initiate of Gozag.
             Demolished by an ogre
             ... wielding a +0 giant spiked club
              (27 damage)
             ... on level 4 of the Dungeon.
             The game lasted 00:12:57 (2499 turns).

ProzacElf the Slasher (Vampire Reaver)              Turns: 2499, Time: 00:12:58

HP:   -14/32 (38)   AC:  5    Str: 11    XL:     5   Next: 5%
MP:   7/8           EV: 12    Int: 15    God:    Gozag
Gold: 183           SH:  0    Dex: 15    Spells: 7/8 levels left

rFire   . . .        a - +0 long sword
rCold   . . .        (no shield)
rNeg    . . .        f - +0 leather armour
rPois   .            (no helmet)
rElec   .            q - +1 cloak
rCorr   .            (no gloves)
SInv    +            (no boots)
Will    .....        (no amulet)
Stlth   ++           (no ring)
HPRegen 0.45/turn    (no ring)
MPRegen 0.11/turn

%: no passive effects
@: healing quickly, heavily drained
A: alive, fangs 3, see invisible, vampiric 2
a: Exsanguinate, Renounce Religion, Potion Petition, Call Merchant, Bribe Branch


You were on level 4 of the Dungeon.
You worshipped Gozag.
Gozag was aware of your devotion.
You visited 1 branch of the dungeon, and saw 4 of its levels.

You collected 248 gold pieces.
You paid 65 gold pieces to Gozag.

Inventory:

Hand Weapons
 a - a +0 long sword (weapon)
 b - a +0 dagger
 n - a +0 falchion
Missiles
 p - 8 poisoned darts (quivered)
 t - 3 atropa-tipped darts
Armour
 f - a +0 leather armour (worn)
 q - a +1 cloak (worn)
Wands
 s - a wand of flame (13)
Scrolls
 c - a scroll of enchant armour
 e - 2 scrolls of magic mapping {unknown}
 g - 5 scrolls of teleportation
 h - a scroll of silence
 i - a scroll of poison
 k - a scroll of vulnerability {unknown}
 m - 2 scrolls of identify
 o - a scroll of noise {unknown}
 v - a scroll of acquirement {unknown}
Potions
 d - 2 potions of resistance {unknown}
 j - a potion of heal wounds {unknown}
 l - a potion of attraction {unknown}
 r - a potion of lignification {unknown}
 u - a potion of invisibility {unknown}


   Skills:
 - Level 1.7 Fighting
 + Level 4.1 Long Blades
 - Level 2.1 Dodging
 + Level 4.1 Stealth
 - Level 2.0 Spellcasting
 - Level 2.1 Conjurations
 + Level 2.8 Necromancy


You had 7 spell levels left.
You knew the following spells:

 Your Spells              Type           Power      Damage    Failure   Level
a - Kiss of Death         Conj/Necr      36%        2d8       11%         1

Your spell library contained the following spells:

 Spells                   Type           Power      Damage    Failure   Level
 Shock                    Conj/Air       16%        1d4       19%         1
 Freeze                   Ice            4%         1d3       28%         1
 Sting                    Tmut/Pois      4%         1d3       28%         1
 Summon Small Mammal      Summ           4%         N/A       28%         1
 Momentum Strike          Conj/Tloc      8%         3d8       28%         2
 Lesser Beckoning         Tloc           2%         N/A       41%         2
 Hailstorm                Conj/Ice       4%         3d4       50%         3
 Call Canine Familiar     Summ           1%         N/A       65%         3
 Frozen Ramparts          Ice            2%         1d1       65%         3
 Gell's Gravitas          Tloc           1%         N/A       65%         3
 Summon Guardian Golem    Hex/Summ       1%         N/A       65%         3
 Teleport Other           Tloc           1%         N/A       65%         3
 Anguish                  Hex/Necr       2%         N/A       85%         4
 Ice Form                 Ice/Tmut       1%         N/A       96%         4
 Enfeeble                 Hex            0%         N/A       100%        7


Dungeon Overview and Level Annotations

Branches:
Dungeon (4/15)
 Temple: D:4-7

Altars:
Dithmenos
Gozag
Yredelemnul

Shops:
D:1 (


Innate Abilities, Weirdness & Mutations

Your natural rate of healing is accelerated.
You have razor-sharp teeth.
You have supernaturally acute eyesight. (SInv)
You are afflicted with vampirism and can become a bat while bloodless.


Message History

Tha poison'd dart completely misses tha ogre.
Throw: 10 darts (poison)
Press: ? - help, Q - select action, (/) - cycle Shift-Dir - straight line, f/p - ogre
Aim: an ogre, wieldin' a +0 giant spiked club (lightly wounded, 73% ta hit) Ye throw a poison'd dart.
Tha poison'd dart hits tha ogre.
Tha ogre be lightly wounded.
Throw: 9 darts (poison)
Press: ? - help, Q - select action, (/) - cycle Shift-Dir - straight line, f/p - ogre
Aim: an ogre, wieldin' a +0 giant spiked club (lightly wounded, 73% ta hit) Ye throw a poison'd dart.
Tha poison'd dart hits tha ogre.
Tha ogre be poison'd.
Tha ogre be lightly wounded.
Castin': Kiss o' Death (safe; 11% risk o' failure) Confirm wit' . or Enter, or press ? or * ta list all spells.
Aimin': Kiss o' Death (safe; 11% risk o' failure)
Press: ? - help, Shift-Dir - straight line, f/p - ogre
Aim: an ogre, wieldin' a +0 giant spiked club (lightly wounded, poison'd, 100% ta hit) Tha negative energy hits tha ogre!
Tha ogre be drain'd!
Tha ogre be moderately wounded.
Ye feel drain'd.
Tha ogre barely misses ye.
Ye take 6 damage, an' haf 32/32 hp.
Ye now haf 7/8 mp.
Ye hit tha ogre.
Tha ogre be heavily wounded.
Tha ogre closely misses ye.
Ye hit tha ogre.
Tha ogre be severely wounded.
Ye hit tha ogre.
Tha ogre be almost dead.
Tha ogre looks more healthy.
Tha ogre misses ye.
Ye barely miss tha ogre.
Tha ogre be almost dead.
Tha ogre hits ye wit' a +0 giant spiked club!!
Ouch! Tha re'lly hurt!
Ye take 20 damage, an' haf 12/32 hp.
MASSIVE DAMAGE!!
Ye completely miss tha ogre.
Yer bite misses tha ogre.
Tha ogre be almost dead.
Tha ogre hits ye wit' a +0 giant spiked club!!
Ouch! Tha re'lly hurt!
Ye die...
Yer body crumbles inta a pile o' gold.

#########
###########.....@.#
#.........#.....O.#
#.........#.....(.#
#.........#.....(.#
#..<......#.......#
##....#####....(..#
##....#.......##+#....
......+.......# ....#
......#.......# ....#


You could see an ogre (drained).

Vanquished Creatures
  A hound (D:4)
  A sleepcap (D:3)
  A gnoll (D:2)
  An adder (D:3)
  6 dart slugs
  4 orcs (D:3)
  11 bats
  2 endoplasms
  3 giant cockroaches
  3 goblins (D:1)
  A hobgoblin (D:2)
  A jackal (D:2)
  2 quokkas
  5 ball pythons
  4 frilled lizards
  6 kobolds
  3 rats
55 creatures vanquished.

Notes
Turn   | Place    | Note
-------+----------+-------------------------------------------
     0 | D:1      | ProzacElf the Vampire Reaver began the quest for the Orb.
     0 | D:1      | Reached XP level 1. HP: 16/16 MP: 3/3
    52 | D:1      | Reached skill level 1 in Stealth
    94 | D:1      | Reached XP level 2. HP: 18/22 MP: 5/5
   136 | D:1      | Reached skill level 1 in Necromancy
   162 | D:1      | Got the Spellbook of Shocking Moulding
   328 | D:1      | Found Lutinguading's Weapon Boutique.
   648 | D:2      | Gained mutation: You are afflicted with vampirism and can
                  | become a bat while bloodless. [Vampire growth]
   648 | D:2      | Reached XP level 3. HP: 27/27 MP: 6/6
  1665 | D:3      | Reached XP level 4. HP: 29/33 MP: 7/7
  1750 | D:3      | Found a basalt altar of Yredelemnul.
  2000 | D:3      | Found a shadowy altar of Dithmenos.
  2030 | D:3      | Found an opulent altar of Gozag.
  2126 | D:3      | Became a worshipper of Gozag Ym Sagoz the Greedy
  2412 | D:4      | Reached XP level 5. HP: 37/38 MP: 8/8
  2424 | D:4      | Noticed an ogre
  2499 | D:4      | Demolished by an ogre

Illustrated notes

Levels and vault maps discovered:
D:1:      onia_arrival_pentagram, layout_rooms, serial_shops,
          nicolae_shop_window_shopping, minivault_19
D:2:      minmay_spotlight, layout_basic, st_stairs_12, minmay_tree_intersection
D:3:      layout_loops_corners, mainiacjoe_overflow_concentric_impassable,
          grunt_dithmenos_smoke, mainiacjoe_overflow_small_starburst
D:4:      layout_gridville, lemuel_doored_altar, serial_shops,
          nicolae_shop_tiny_real_fake_doors, serial_rivers,
          chequers_serial_rivers_micro_a, chequers_serial_rivers_room_a,
          chequers_serial_rivers_micro_d, chequers_serial_rivers_micro_d,
          nicolae_ossuary_entry_false_entrances

Skill      XL: |  1  2  3  4 |
---------------+-------------+-----
Stealth        | 1 2 3 4 |  4.1
Necromancy     | 1 2 |  2.8
Long Blades    | 4 |  4.1
Fighting       | |  1.7
Dodging        | |  2.1
Spellcasting   | |  2.0
Conjurations   | |  2.1

Action                     |  1- 3 |  4- 6 || total
---------------------------+-------+-------++-------
  Melee: Falchion          |    79 |       ||    79
         Bite              |    10 |     3 ||    13
         Long sword        |    36 |    42 ||    78
         Punch             |       |     1 ||     1
  Throw: Dart              |       |     3 ||     3
   Cast: Kiss of Death     |       |     1 ||     1
  Evoke: Wand              |       |     1 ||     1
    Use: Scroll            |       |     4 ||     4
   Stab: Sleeping          |     1 |     2 ||     3
 Armour: Leather armour    |    36 |    15 ||    51
  Dodge: Dodged            |    82 |    39 ||   121

Action                     |  1- 3 |  4- 6 || total
---------------------------+-------+-------++-------
  Melee: Falchion          |    79 |       ||    79
         Bite              |    10 |     3 ||    13
         Long sword        |    36 |    42 ||    78
         Punch             |       |     1 ||     1
  Throw: Dart              |       |     3 ||     3
   Cast: Kiss of Death     |       |     1 ||     1
  Evoke: Wand              |       |     1 ||     1
    Use: Scroll            |       |     4 ||     4
   Stab: Sleeping          |     1 |     2 ||     3
 Armour: Leather armour    |    36 |    15 ||    51
  Dodge: Dodged            |    82 |    39 ||   121

Levels and vault maps discovered:
D:1:      onia_arrival_pentagram, layout_rooms, serial_shops,
          nicolae_shop_window_shopping, minivault_19
D:2:      minmay_spotlight, layout_basic, st_stairs_12, minmay_tree_intersection
D:3:      layout_loops_corners, mainiacjoe_overflow_concentric_impassable,
          grunt_dithmenos_smoke, mainiacjoe_overflow_small_starburst
D:4:      layout_gridville, lemuel_doored_altar, serial_shops,
          nicolae_shop_tiny_real_fake_doors, serial_rivers,
          chequers_serial_rivers_micro_a, chequers_serial_rivers_room_a,
          chequers_serial_rivers_micro_d, chequers_serial_rivers_micro_d,
          nicolae_ossuary_entry_false_entrances
